 Dungeon Crawl Stone Soup version 0.31-a0-150-g89dc3ad700 (webtiles) character file.

Game seed: 13105677742253319417

1390 qw the Skirmisher (level 8, -7/51 HPs)
             Began as a Gargoyle Hunter on June 8, 2023.
             Shot with an arrow by a centaur (10 damage)
             ... on level 5 of the Dungeon.
             The game lasted 00:02:05 (4461 turns).

qw the Skirmisher (Gargoyle Hunter)                 Turns: 4461, Time: 00:02:06

Health: -7/51      AC: 12    Str: 20    XL:     8   Next: 68%
Magic:  8/8        EV: 16    Int: 11    God:
Gold:   89         SH:  0    Dex: 15    Spells: 7/7 levels left

rFire   . . .        Y - +0 shortbow
rCold   . . .        (shield currently unavailable)
rNeg    + . .        i - +0 ring mail
rPois   inf          (no helmet)
rElec   +            f - +0 cloak
rCorr   .            (no gloves)
SInv    .            (no boots)
Will    .....        (no amulet)
Stlth   +            c - +6 ring of strength
HPRegen 0.28/turn    d - +5 ring of evasion
MPRegen 0.11/turn

%: no passive effects
@: no status effects
A: sickness immunity, AC +5, negative energy resistance 1, electricity
resistance, torment resistance 1, petrification resistance
a: no special abilities


You were on level 5 of the Dungeon.
You visited 1 branch of the dungeon, and saw 5 of its levels.

You collected 89 gold pieces.


Innate Abilities, Weirdness & Mutations

You are immune to sickness and miasma.
Your stone body is resilient. (AC +5)
You are immune to poison.
You resist negative energy. (rN+)
You are resistant to electric shocks. (rElec)
You are resistant to unholy torment.
You are immune to petrification.


   Skills:
 - Level 6.0 Fighting
 + Level 9.5 Ranged Weapons
 - Level 2.0 Armour
 - Level 2.1 Dodging
 - Level 1.1 Stealth


You had 7 spell levels left.
You didn't know any spells.
Your spell library was empty.

Inventory:

Hand Weapons
 Y - a +0 shortbow (weapon)
Armour
 f - a +0 cloak (worn)
 i - a +0 ring mail (worn)
Jewellery
 c - a +6 ring of strength (left hand)
 d - a +5 ring of evasion (right hand)
Scrolls
 a - 2 scrolls of identify
Potions
 b - 2 potions of curing
 g - a potion of cancellation

Dungeon Overview and Level Annotations

Branches:
Dungeon (5/15)
 Temple: D:4-7

Altars:

Shops:
D:1 [   D:2 =

Annotations:
D:3 2 runed translucent doors, qw's ghost, amateur MiHu


Message History

The arrow hits the gnoll but does no damage.
The gnoll is severely wounded.
The gnoll closely misses you.
You shoot an arrow. The arrow closely misses the gnoll.
The gnoll misses you.
You shoot an arrow. The arrow hits the gnoll.
The gnoll is almost dead.
The gnoll hits you with a +0 club.
You shoot an arrow.
The arrow hits the gnoll but does no damage.
The gnoll is almost dead.
The gnoll barely misses you.
You shoot an arrow. The arrow hits the gnoll.
You kill the gnoll!
You start resting.
A centaur is nearby!
You shoot an arrow. The arrow barely misses the centaur.
The centaur wields a +0 orcbow.
The centaur shoots an arrow.
The arrow misses you.
The centaur shoots an arrow.
The arrow misses you.
You shoot an arrow. The arrow barely misses the centaur.
The centaur shoots an arrow.
The arrow barely misses you.
You shoot an arrow. The arrow barely misses the centaur.
The centaur shoots an arrow.
The arrow misses you.
The centaur shoots an arrow.
The arrow hits you but does no damage.
You shoot an arrow. The arrow hits the centaur!
The centaur is moderately wounded.
The centaur shoots an arrow.
The arrow hits you!
You shoot an arrow. The arrow hits the centaur!
The centaur is almost dead.
The centaur shoots an arrow.
The arrow misses you.
The centaur shoots an arrow.
The arrow closely misses you.
You shoot an arrow.
The arrow hits the centaur but does no damage.
The centaur is almost dead.
The centaur shoots an arrow.
The arrow hits you but does no damage.
You shoot an arrow. The arrow hits the centaur.
The centaur is almost dead.
The centaur shoots an arrow.
The arrow hits you.
The centaur shoots an arrow.
The arrow hits you!
You die...

..#........#......#
...........#......#
..#........#......#
#####.....)....[..+
#####..#..........#
.........#.####'###
..................+
#####......####.###
). ............)@.+
.. #....#...###)###
..
....#.....))....#
#.....#c¤5g.!#
#..##...##...# .. #
... 5.5# ###. ..g.
. ..g .. ...


You could see a centaur.

Vanquished Creatures
  Pikel (D:5)
  Grinder (D:4)
  A water moccasin (D:5)
  A phantom (D:2)
  2 hounds
  An orc priest (D:5)
  3 sleepcaps (D:5)
  2 iguanas
  An orc wizard (D:4)
  12 gnolls
  9 adders
  An ufetubus (D:4)
  3 dart slugs
  10 orcs
  6 ball pythons
  2 bats
  4 endoplasms
  12 giant cockroaches
  10 goblins
  6 hobgoblins
  9 jackals
  8 kobolds
  5 quokkas
  4 frilled lizards
  6 rats
  A spectral kobold (D:1)
121 creatures vanquished.

Notes
Turn   | Place    | Note
-------+----------+-------------------------------------------
     0 | D:1      | qw the Gargoyle Hunter began the quest for the Orb.
     0 | D:1      | Reached XP level 1. HP: 12/12 MP: 1/1
     0 | D:1      | 0 ||| qw: Version: 0.2-a-119-g7aa9181
     0 | D:1      | 0 ||| qw: Game counter: 2938
     0 | D:1      | 0 ||| qw: Always use a shield: true
     0 | D:1      | 0 ||| qw: God list: Okawaru
     0 | D:1      | 0 ||| qw: Allow faded altars: false
     0 | D:1      | 0 ||| qw: Do Orc after D:15 true
     0 | D:1      | 0 ||| qw: Do second Lair branch before Depths: true
     0 | D:1      | 0 ||| qw: Lair rune preference: random
     0 | D:1      | 0 ||| qw: Plans: Normal
     0 | D:1      | 0 ||| PLANNING D:1-11
    94 | D:1      | Reached XP level 2. HP: 17/17 MP: 2/2
   197 | D:1      | Found a faded altar of an unknown god.
   211 | D:1      | 211 ||| Stepping ~*~*~tactically~*~*~ (water).
   222 | D:1      | 222 ||| Stepping ~*~*~tactically~*~*~ (water).
   224 | D:1      | 224 ||| Stepping ~*~*~tactically~*~*~ (water).
   226 | D:1      | 226 ||| Stepping ~*~*~tactically~*~*~ (water).
   466 | D:1      | Found Peopig's Armour Emporium.
   486 | D:1      | Reached XP level 3. HP: 21/21 MP: 3/3
   491 | D:1      | 491 ||| SHOPLISTING +0 ring mail "Lanliy" {Rampage Will+++
                  | Int-5 Dex-5} (252 gold, have 17).
   491 | D:1      | 491 ||| SHOPLISTING +1 leather armour of poison resistance
                  | (154 gold, have 17).
   491 | D:1      | 491 ||| SHOPLISTING +1 pair of gloves of Starshine {rN+
                  | Dex+4} (407 gold, have 17).
   516 | D:1      | Reached skill level 5 in Ranged Weapons
  1035 | D:1      | 1035 ||| UPGRADING to +0 cloak.
  1040 | D:1      | 1040 ||| READING 5 scrolls labelled QUNTOI XUNAGEL.
  1041 | D:1      | 1041 ||| READING 4 scrolls of identify.
  1041 | D:1      | 1041 ||| IDENTIFYING fizzy blue potion
  1042 | D:1      | 1042 ||| DROPPING scroll of butterflies.
  1043 | D:1      | 1043 ||| DROPPING potion of lignification.
  1088 | D:2      | 1088 ||| DROPPING +1 antimagic sling.
  1130 | D:2      | 1130 ||| FLEEEEING.
  1162 | D:2      | Noticed a phantom
  1177 | D:2      | Killed a phantom
  1178 | D:2      | Reached XP level 4. HP: 23/29 MP: 4/4
  1178 | D:2      | Reached XP level 5. HP: 26/33 MP: 5/5
  1227 | D:2      | 1227 ||| FLEEEEING.
  1441 | D:2      | Found Soudiz's Jewellery Emporium.
  1447 | D:2      | 1447 ||| SHOPLISTING +4 ring of protection (360 gold, have
                  | 48).
  1447 | D:2      | 1447 ||| SHOPLISTING +6 ring of dexterity (360 gold, have
                  | 48).
  1447 | D:2      | 1447 ||| SHOPLISTING +6 ring of strength (360 gold, have
                  | 48).
  1447 | D:2      | 1447 ||| SHOPLISTING amulet of faith (400 gold, have 48).
  1447 | D:2      | 1447 ||| SHOPLISTING amulet of the acrobat (300 gold, have
                  | 48).
  1447 | D:2      | 1447 ||| SHOPLISTING ring of protection from cold (250
                  | gold, have 48).
  2018 | D:2      | 2018 ||| UPGRADING to +0 ring mail.
  2028 | D:2      | 2028 ||| DROPPING +0 leather armour.
  2029 | D:2      | 2029 ||| READING scroll labelled ILAUTE RYAME.
  2030 | D:2      | 2030 ||| READING scroll labelled XAUGEPTAETA.
  2031 | D:2      | 2031 ||| DRINKING 2 blue potions.
  2032 | D:2      | 2032 ||| READING 4 scrolls of identify.
  2032 | D:2      | 2032 ||| IDENTIFYING emerald potion
  2033 | D:2      | 2033 ||| READING 3 scrolls of identify.
  2033 | D:2      | 2033 ||| IDENTIFYING fuming red potion
  2034 | D:2      | 2034 ||| DROPPING potion of enlightenment.
  2268 | D:3      | Reached skill level 1 in Armour
  2431 | D:3      | Found a large runed translucent door.
  2432 | D:3      | Found a large runed translucent door.
  2434 | D:3      | Noticed qw's ghost (amateur MiHu)
  2533 | D:3      | 2533 ||| READING scroll labelled WORO CESOKO.
  2548 | D:4      | 2548 ||| PLANNING SEWER
  2550 | D:4      | 2550 ||| STAIRDANCE
  2630 | D:4      | 2630 ||| STAIRDANCE
  2680 | D:4      | Reached skill level 6 in Ranged Weapons
  2693 | D:4      | Reached XP level 6. HP: 29/38 MP: 6/6
  2901 | D:4      | Noticed Grinder
  2923 | D:4      | Paralysed by Grinder for 3 turns
  2926 | D:4      | Killed Grinder
  2927 | D:4      | Reached skill level 7 in Ranged Weapons
  2927 | D:4      | Reached XP level 7. HP: 17/43 MP: 7/7
  3197 | D:4      | 3197 ||| Stepping ~*~*~tactically~*~*~ (water).
  3205 | D:4      | Found a glowing drain.
  3215 | D:4      | 3215 ||| READING scroll labelled CIUTHR PEITU.
  3216 | D:4      | 3216 ||| READING 2 scrolls of identify.
  3216 | D:4      | 3216 ||| IDENTIFYING grey potion
  3217 | D:4      | 3217 ||| DROPPING potion of attraction.
  3286 | D:4      | 3286 ||| STAIRDANCE
  3314 | D:4      | 3314 ||| STAIRDANCE
  3342 | D:4      | 3342 ||| STAIRDANCE
  3361 | D:3      | 3361 ||| RIP SEWER
  3361 | D:3      | 3361 ||| PLANNING D:1-11
  3361 | D:3      | 3361 ||| UPGRADING to +6 ring of strength.
  3681 | D:4      | Reached skill level 8 in Ranged Weapons
  3940 | D:4      | 3940 ||| Stepping ~*~*~tactically~*~*~ (water).
  3947 | D:4      | 3947 ||| Stepping ~*~*~tactically~*~*~ (water).
  4130 | D:4      | 4130 ||| UPGRADING to +5 ring of evasion.
  4131 | D:4      | 4131 ||| READING scroll labelled YRU TIMAUME.
  4148 | D:5      | Entered Level 5 of the Dungeon
  4205 | D:5      | 4205 ||| PLANNING D:1-11
  4309 | D:5      | Reached XP level 8. HP: 51/51 MP: 8/8
  4394 | D:5      | Noticed Pikel
  4406 | D:5      | 4406 ||| Stepping ~*~*~tactically~*~*~ (outnumbered).
  4418 | D:5      | Killed Pikel
  4419 | D:5      | Reached skill level 9 in Ranged Weapons
  4442 | D:5      | Reached skill level 6 in Fighting
  4451 | D:5      | HP: 11/51 [gnoll/+0 club (4)]
  4458 | D:5      | HP: 4/51 [centaur/arrow (9)]
  4461 | D:5      | Shot with an arrow by a centaur

Levels and vault maps discovered:
D:1:      shiori_arrival_elements, layout_loops_corners, serial_shops,
          shop_fountains, dreamdust_ecumenical_altar_drowned_temple,
          chequers_decorated_corner
D:2:      layout_basic, serial_shops, nicolae_shop_just_a_little_nook
D:3:      layout_basic, ebering_ghost_disaster_area
D:4:      layout_basic, gup_sewer_entry_pipe, uniq_grinder
D:5:      layout_basic, minivault_25, hangedman_abyss_or_decor_passed,
          kennysheep_generic_room_5, uniq_pikel

Skill      XL: |  1  2  3  4  5  6  7  8 |
---------------+-------------------------+-----
Ranged Weapons | 5 6 7 8 9 |  9.5
Fighting       | 4 5 6 |  6.0
Armour         | 1 2 |  2.0
Dodging        | 2 |  2.1
Stealth        | |  1.1

Action                     |  1- 3 |  4- 6 |  7- 9 || total
---------------------------+-------+-------+-------++-------
   Fire: Shortbow          |   112 |   177 |   260 ||   549
    Use: Scroll            |     2 |     5 |     3 ||    10
         Potion            |       |     1 |       ||     1
 Armour: Leather armour    |    16 |    17 |       ||    33
         Ring mail         |       |    55 |    63 ||   118
  Dodge: Dodged            |    33 |    64 |   112 ||   209

Table legend:
 A = Non-vault XP
 B = Vault XP
 C = Vault XP percentage of total XP
 D = Non-vault monster count
 E = Vault monster count
 F = Vault count percentage of total count
                 A         B        C        D         E       F
            +---------+---------+-------+---------+---------+-------
      Total |    1055 |     932 |  46.9 |     110 |      11 |   9.1
            +---------+---------+-------+---------+---------+-------
        D:1 |      61 |       1 |   1.6 |      28 |       1 |   3.4
        D:2 |     204 |       0 |   0.0 |      23 |       0 |   0.0
        D:3 |      49 |       0 |   0.0 |      19 |       0 |   0.0
        D:4 |     272 |     302 |  52.6 |      26 |       9 |  25.7
        D:5 |     469 |     629 |  57.3 |      14 |       1 |   6.7
            +---------+---------+-------+---------+---------+-------
